 Dungeon Crawl Stone Soup version 0.32-a0-814-g0968bab981 (webtiles) character file.

Game seed: 8610952259323371123

100 smashvw the Trooper (level 4, -7/30 HPs)
             Began as a Gargoyle Monk on Mar 23, 2024.
             Mangled by a gnoll
             ... wielding a +0 flail
              (8 damage)
             ... on level 3 of the Dungeon.
             The game lasted 00:05:13 (2078 turns).

smashvw the Trooper (Gargoyle Monk)                 Turns: 2078, Time: 00:05:14

Health: -7/30      AC: 10    Str: 14    XL:     4   Next: 74%
Magic:  4/4        EV: 10    Int: 11    God:
Gold:   161        SH:  0    Dex: 12    Spells: 3/3 levels left

rFire   . . .        a - +0 hand axe
rCold   . . .        d - orb {light}
rNeg    + . .        k - +0 ring mail
rPois   ∞            (no helmet)
rElec   +            (no cloak)
rCorr   .            (no gloves)
SInv    .            (no boots)
Will    .....        (no amulet)
Stlth   +            (no ring)
HPRegen 0.25/turn    (no ring)
MPRegen 0.09/turn

%: no passive effects
@: about to teleport, glowing
A: sickness immunity, AC +3, negative energy resistance 1, electricity
resistance, torment resistance 1, petrification resistance, iridescent scales 1,
weak 1, wild magic 1
a: no special abilities


You were on level 3 of the Dungeon.
You visited 1 branch of the dungeon, and saw 3 of its levels.

You collected 161 gold pieces.

Inventory:

Hand Weapons
 a - a +0 hand axe (weapon)
Missiles
 h - 2 darts of dispersal (quivered)
Armour
 d - an orb of light (worn)
 k - a +0 ring mail (worn)
Wands
 i - a wand of flame (15)
Scrolls
 b - a scroll of immolation
 e - 4 scrolls of enchant armour
 g - 3 scrolls of identify
Potions
 c - a potion of ambrosia
 f - 2 potions of mutation


   Skills:
 + Level 4.7 Fighting
 + Level 3.9 Axes
 - Level 2.4 Dodging


You had 3 spell levels left.
You didn't know any spells.
Your spell library contained the following spells:

 Spells                   Type           Power      Damage    Failure   Level
 Freeze                   Ice            0%         1d3       67%         1
 Lesser Beckoning         Tloc           0%         N/A       80%         2
 Frozen Ramparts          Ice            0%         1d1       95%         3
 Gell's Gravitas          Tloc           0%         N/A       95%         3
 Hailstorm                Conj/Ice       0%         3d5       95%         3
 Teleport Other           Tloc           0%         N/A       95%         3


Dungeon Overview and Level Annotations

Branches:
Dungeon (3/15)

Altars:


Innate Abilities, Weirdness & Mutations

You are immune to sickness and miasma.
Your stone body is resilient. (AC +3)
You are immune to poison.
You resist negative energy. (rN+)
You are resistant to electric shocks. (rElec)
You are resistant to unholy torment.
You are immune to petrification.
You are partially covered in iridescent scales. (AC +2)
You are weak. (Str -2)
Your spells are a little harder to cast, but a little more powerful.


Message History

The gnoll hits you but does no damage.
You hit the gnoll.
The gnoll is moderately wounded.
You hit the gnoll. You hit the gnoll but do no damage.
The gnoll barely misses you. The gnoll hits you with a +0 halberd.
The gnoll hits you but does no damage. The gnoll barely misses you.
The gnoll completely misses you. The gnoll attacks as it pursues you!
The gnoll barely misses you. The gnoll hits you but does no damage.
The gnoll attacks as it pursues you! The gnoll barely misses you.
The gnoll throws a throwing net.
The throwing net misses you.
You see here a throwing net.
The gnoll closely misses you. x2
You hit the gnoll but do no damage. The gnoll hits you but does no damage.
The gnoll barely misses you. The gnoll attacks as it pursues you!
The gnoll barely misses you.
You hit the gnoll.
The gnoll is lightly wounded.
The gnoll hits you with a +0 flail! The gnoll barely misses you.
The gnoll completely misses you.
You hit the gnoll.
The gnoll is severely wounded.
The gnoll barely misses you. The gnoll closely misses you.
You hit the gnoll but do no damage.
The gnoll is severely wounded.
The gnoll barely misses you. The gnoll hits you with a +0 flail.
You hit the gnoll.
The gnoll is severely wounded.
The gnoll hits you from afar with a +1 halberd of venom!
* * * LOW HITPOINT WARNING * * *
The gnoll closely misses you.
Okay, then.
The gnoll attacks as it pursues you! The gnoll barely misses you.
The gnoll attacks as it pursues you! The gnoll barely misses you.
The gnoll attacks as it pursues you! The gnoll hits you with a +0 flail.
* * * LOW HITPOINT WARNING * * *
Okay, then.
As you read the scroll of teleportation, it crumbles to dust.
You feel strangely unstable. The gnoll hits you with a +0 flail!
You die...

......†....g....#
..#.##.#######.#
#.........##.####
#.######...#....#
....... #.#..g...+
#..##.# #.###....#
#...... #.# #g...#
#...#.## #.# #g...#
#......# # #.#
#@...# #..##..#.#
#.# #.####
#..##..#.#
#.###.########
#........#
#.............
##.##..###
#####.#######.
##.##..# #######'##
##.##..# #........#
#..##..# #........#
...##..###†.......#


You could see 3 gnolls.

Vanquished Creatures
  A gnoll (D:2)
  3 adders (D:2)
  7 dart slugs
  3 endoplasms
  4 giant cockroaches
  6 goblins
  3 hobgoblins
  4 kobolds
  2 quokkas
  5 ball pythons
  6 bats
  2 frilled lizards (D:1)
  2 rats
48 creatures vanquished.

Notes
Turn   | Place    | Note
-------+----------+-------------------------------------------
     0 | D:1      | smashvw the Gargoyle Monk began the quest for the Orb.
     0 | D:1      | Reached XP level 1. HP: 14/14 MP: 1/1
    83 | D:1      | Reached XP level 2. HP: 19/19 MP: 2/2
   529 | D:1      | Reached skill level 4 in Fighting
   529 | D:1      | Reached XP level 3. HP: 24/24 MP: 3/3
   794 | D:2      | Reached XP level 4. HP: 30/30 MP: 4/4
  1196 | D:2      | Gained mutation: You are partially covered in iridescent
                  | scales. (AC +2) [potion of mutation]
  1196 | D:2      | Gained mutation: You are weak. (Str -2) [potion of
                  | mutation]
  1196 | D:2      | Gained mutation: Your spells are a little harder to cast,
                  | but a little more powerful. [potion of mutation]
  1571 | D:2      | Found a faded altar of an unknown god.
  2077 | D:3      | HP: 1/30 [gnoll/+0 flail (6)]
  2078 | D:3      | Mangled by a gnoll

Illustrated notes

Levels and vault maps discovered:
D:1:      spicycebolla_arrival_clurvy, layout_basic, amcnicky_mini_pool_small
D:2:      layout_basic, dilly_ecumenical_altar_fadedgnrine, grunt_ministairs_6,
          kennysheep_boxes
D:3:      layout_basic, st_stairs_5

Skill      XL: |  1  2 |
---------------+-------+-----
Axes           | 3 |  3.9
Fighting       | 4 |  4.7
Dodging        | |  2.4

Action                     |  1- 3 |  4- 6 || total
---------------------------+-------+-------++-------
  Melee: Hand axe          |    71 |    60 ||   131
    Use: Scroll            |       |     7 ||     7
         Potion            |       |     1 ||     1
 Armour: Robe              |    56 |    27 ||    83
         Ring mail         |       |    25 ||    25
  Dodge: Dodged            |    51 |    75 ||   126

Table legend: (Time is in decaauts)
 A = Elapsed time spent in this place.
 B = Non-inter-level travel time spent in this place.
 C = Inter-level travel time spent in this place.
 D = Time resting spent in this place.
 E = Time spent auto-exploring this place.
 F = Levels seen in this place.
 G = Mean time per level.
                   A        B        C        D        E       F      G
               +--------+--------+--------+--------+--------+-----+--------+
         Total |   2096 |   2000 |     96 |     69 |   1484 |   3 |  698.7 |
       Dungeon |   2096 |   2000 |     96 |     69 |   1484 |   3 |  698.7 |
               +--------+--------+--------+--------+--------+-----+--------+

Top non-repeatable levels by time:
     D:2: 1055 daAuts
     D:1: 726 daAuts
     D:3: 314 daAuts
